 Dungeon Crawl Stone Soup version 0.16-a0-623-g20b2139 (webtiles) character file.

3780 PolkaDot the Cleaver (level 10, -3/93 HPs)
             Began as a Hill Orc Fighter on Sept 17, 2014.
             Was a Priest of Beogh.
             Slain by a troll zombie (11 damage)
             ... on Level 8 of the Dungeon.
             The game lasted 00:20:48 (7507 turns).

PolkaDot the Cleaver (Hill Orc Fighter)             Turns: 7507, Time: 00:20:49

HP  -3/93        AC -5     Str 20      XL: 10   Next: 16%
MP  10/10        EV 14     Int  8      God: Beogh [***...]
Gold 336         SH  0     Dex 13      Spells:  0 memorised,  9 levels left

rFire  + . .     SeeInvis .     y - +2 battleaxe
rCold  . . .     Clarity  .     b - +1 scale mail
rNeg   . . .     rCorr    .     (no shield)
rPois  .         rRot     .     g - +2 hat
rElec  +         Spirit   .     C - +2 cloak
SustAb .         Warding  .     (no gloves)
rMut   .         Stasis   .     (no boots)
Gourm  .                        (no amulet)
MR     .....                    q - +5 ring of evasion
                                m - cursed ring of protection from fire

@: corroded equipment, not resistant to hostile enchantments, extremely
unstealthy
A: electricity resistance
a: Smiting, Renounce Religion


You were on level 8 of the Dungeon.
You worshipped Beogh.
Beogh was most pleased with you.
You were not hungry.

You visited 1 branch of the dungeon, and saw 8 of its levels.
You also visited: Sewer.

You collected 336 gold pieces.

Inventory:

Hand weapons
 y - a +2 battleaxe (weapon)
Missiles
 w - 5 javelins of returning
 x - a javelin
 F - 8 tomahawks (quivered)
Armour
 b - a +1 scale mail (worn)
 g - a +2 hat (worn)
 C - a +2 cloak (worn)
Magical devices
 a - a wand of flame (1)
 h - a wand of digging (8)
 L - a wand of fireball (5)
 N - a wand of confusion (7)
Comestibles
 d - 5 meat rations
 o - 4 fruits
 r - a beef jerky
 z - 8 bread rations
 H - a chunk of bat flesh
 O - a rotting chunk of iguana flesh
Scrolls
 c - a scroll of noise {unknown}
 f - a scroll of remove curse {unknown}
 k - a scroll of recharging
 n - a scroll of magic mapping {unknown}
 p - a scroll of fog {unknown}
 s - 4 scrolls of teleportation
 A - a scroll of immolation {unknown}
 E - a scroll of enchant armour
Jewellery
 m - a cursed ring of protection from fire (left hand)
 q - a +5 ring of evasion (right hand)
Potions
 e - 2 potions of might
 i - a potion of restore abilities
 j - 2 potions of magic
 l - a potion of heal wounds
 t - 9 potions of curing
 u - 2 potions of invisibility
 v - 2 potions of haste
 B - a potion of agility
 D - a potion of berserk rage {unknown}
 G - 2 potions of brilliance {unknown}
 I - a potion of poison {unknown}
 J - a potion of resistance {unknown}


   Skills:
 + Level 9.9 Fighting
 * Level 13.7 Axes
 + Level 4.3 Armour
 - Level 3.5 Dodging
   Level 3.2 Shields


You had 9 spell levels left.
You didn't know any spells.

Dungeon Overview and Level Annotations

Branches:
Dungeon (8/15)             Temple (0/1) D:7
   Lair: D:8-11

Altars:
Ashenzari
Cheibriados
Fedhas
Gozag
Kikubaaqudgha
Nemelex Xobeh
Okawaru
Qazlal
Sif Muna
Trog
Xom
Yredelemnul

Shops:
D:6 ![!


Innate Abilities, Weirdness & Mutations

You are resistant to electric shocks.


Message History

You barely miss the troll zombie. The troll zombie barely misses you.
The troll zombie closely misses you. The troll zombie claws you.
* * * LOW HITPOINT WARNING * * *
You hit the troll zombie. The troll zombie bites you.
* * * LOW HITPOINT WARNING * * *
The troll zombie claws you.
* * * LOW HITPOINT WARNING * * *
The troll zombie completely misses you.
You slash the troll zombie! The troll zombie misses you.
The troll zombie completely misses you. The troll zombie claws you!
* * * LOW HITPOINT WARNING * * *
You hit the troll zombie but do no damage.
The troll zombie bites you!
* * * LOW HITPOINT WARNING * * *
The troll zombie barely misses you. The troll zombie claws you.
* * * LOW HITPOINT WARNING * * *
You hit the troll zombie. The troll zombie bites you!
* * * LOW HITPOINT WARNING * * *
The troll zombie claws you!
You die...

.......#...#..#....#
.......#+###..'(...+
...#+#.....#..#....# .
...+.#.....#......##..#
...#.+.....+..........#
...#'#.....#......# ..#
##.........##'....#...##
#.........'<.+..Z.......
##.........##'#.@.##.###
.##'#...#+##..⌠.⌠..#
....#...+..'..._......
....+...#..#..⌠.⌠..#>.#
.####...).##..........#
.#########...##########
...'...# #...# ########
#...# #####


You could see a troll zombie.

Vanquished Creatures
  Erolcha (D:8)
  A hill giant (D:6)
  A spriggan (D:7)
  2 sky beasts
  An orc warrior (D:7)
  A phantom (D:5)
  5 ogres
  2 centaurs
  A big kobold (D:7)
  A giant frog (D:6)
  A scorpion (D:6)
  4 wights (D:7)
  A vampire bat (D:3)
  2 goliath beetles (D:7)
  3 crimson imps
  6 jellies
  An orc priest (D:5)
  A giant frog skeleton (D:5)
  2 orc wizards
  2 hounds (D:6)
  9 worker ants
  Natasha (thrice) (D:3)
  2 iguanas
  Ijyb (D:3)
  A big kobold zombie (D:6)
  A hound zombie (D:6)
  A mummy (D:7)
  9 adders
  3 gnolls (D:6)
  3 giant mites
  2 shadow imps
  An inept item mimic (D:5)
  An iguana zombie (D:7)
  2 orc skeletons
  4 giant geckos
  An ooze (D:4)
  24 orcs
  A ball python (D:4)
  3 bat skeletons (D:3)
  3 bat zombies
  6 giant cockroaches
  10 hobgoblins
  8 jackals
  13 bats
  3 giant newts
  7 goblins
  10 kobolds
  A kobold zombie (D:8)
  2 quokkas
  41 rats
215 creatures vanquished.

Vanquished Creatures (others)
  An adder (D:4)
  An orc (D:4)
  A rat (D:8)
3 creatures vanquished.

Grand Total: 218 creatures vanquished

Notes
Turn   | Place    | Note
--------------------------------------------------------------
     0 | D:1      | PolkaDot, the Hill Orc Fighter, began the quest for the Orb.
     0 | D:1      | Reached XP level 1. HP: 19/19 MP: 1/1
   423 | D:1      | Reached XP level 2. HP: 22/27 MP: 2/2
   681 | D:2      | Reached skill level 4 in Axes
   709 | D:2      | Found an iron altar of Okawaru.
   801 | D:2      | Gained mutation: You are resistant to electric shocks. [potion of beneficial mutation]
   806 | D:2      | Reached XP level 3. HP: 28/33 MP: 3/3
  1216 | D:2      | Reached XP level 4. HP: 30/40 MP: 4/4
  1251 | D:2      | Reached skill level 5 in Axes
  1461 | D:3      | Noticed Ijyb
  1472 | D:3      | Killed Ijyb
  1695 | D:3      | Found a glowing drain.
  1698 | D:3      | Reached XP level 5. HP: 32/47 MP: 5/5
  1703 | D:3      | Noticed Natasha
  1735 | D:3      | Killed Natasha
  1773 | Sewer    | Entered a sewer
  1882 | Sewer    | Reached skill level 6 in Axes
  1933 | Sewer    | Reached skill level 5 in Fighting
  2110 | D:3      | Noticed Natasha
  2115 | D:3      | Killed Natasha
  2300 | D:3      | Noticed Natasha
  2303 | D:3      | Killed Natasha
  2569 | D:3      | Reached XP level 6. HP: 56/56 MP: 6/6
  2593 | D:3      | Found an ancient bone altar of Kikubaaqudgha.
  2710 | D:4      | Got a fine lead ring
  2711 | D:4      | Identified the ring of the Visionary {+/*Tele rF+} (You found it on level 4 of the Dungeon)
  2743 | D:4      | Reached skill level 7 in Axes
  2935 | D:4      | Became a worshipper of Beogh the Brigand
  3138 | D:4      | Found a stormy altar of Qazlal.
  3293 | D:4      | Reached XP level 7. HP: 54/63 MP: 7/7
  3322 | D:4      | Noticed a fire elemental
  3340 | D:4      | Reached skill level 8 in Axes
  3386 | D:4      | Found a basalt altar of Yredelemnul.
  3478 | D:4      | Noticed a water elemental
  3478 | D:4      | Noticed an air elemental
  4025 | D:5      | Entered Level 5 of the Dungeon
  4054 | D:5      | Found a blossoming altar of Fedhas.
  4156 | D:5      | Found a shattered altar of Ashenzari.
  4158 | D:5      | Found a snail-covered altar of Cheibriados.
  4165 | D:5      | Found an iron altar of Okawaru.
  4292 | D:5      | Acquired Beogh's first power
  4465 | D:5      | Reached skill level 9 in Axes
  4650 | D:5      | Found a bloodstained altar of Trog.
  4891 | D:6      | Reached XP level 8. HP: 66/73 MP: 8/8
  4981 | D:6      | Reached skill level 10 in Axes
  5134 | D:6      | Found Cuhio's Antique Armour Emporium.
  5230 | D:6      | Found Tyclefat's Distillery.
  5311 | D:6      | Found Klaudd's Distillery.
  5320 | D:6      | Found an opulent altar of Gozag.
  5471 | D:6      | Found a deep blue altar of Sif Muna.
  5689 | D:6      | Noticed a hill giant
  5699 | D:6      | Killed a hill giant
  5699 | D:6      | Acquired Beogh's second power
  5699 | D:6      | Reached skill level 11 in Axes
  5699 | D:6      | Reached XP level 9. HP: 66/82 MP: 9/9
  6084 | D:7      | Reached skill level 12 in Axes
  6299 | D:7      | Found a shimmering altar of Xom.
  6382 | D:7      | Found a snail-covered altar of Cheibriados.
  6707 | D:7      | Found a staircase to the Ecumenical Temple.
  6956 | D:8      | Found a sparkling altar of Nemelex Xobeh.
  6983 | D:8      | Noticed Erolcha
  7017 | D:8      | Killed Erolcha
  7017 | D:8      | Reached skill level 13 in Axes
  7017 | D:8      | Reached XP level 10. HP: 60/92 MP: 10/10
  7343 | D:8      | Acquired Beogh's third power
  7507 | D:8      | Slain by a troll zombie

Action                   |  1- 3 |  4- 6 |  7- 9 | 10-12 || total
-------------------------+-------+-------+-------+-------++-------
Melee: War axe           |    88 |   208 |   131 |       ||   427
       Unarmed           |       |    14 |       |       ||    14
       Battleaxe         |       |       |   141 |    49 ||   190
Throw: Javelin           |     2 |       |     1 |       ||     3
       Tomahawk          |       |       |     3 |       ||     3
Invok: Convert to Beogh  |       |     1 |       |       ||     1
Evoke: Wand              |       |       |     3 |       ||     3
  Use: Potion            |     4 |       |     5 |       ||     9
       Scroll            |       |     3 |    10 |     1 ||    14
  Eat: Chunk             |     1 |     6 |    12 |     2 ||    21
       Fruit             |       |     1 |       |       ||     1
